 Dungeon Crawl Stone Soup version 0.21.1-1-g345015fe64 (webtiles) character file.

324 Brecoman the Poker (level 6, 0/47 HPs)
             Began as a Merfolk Skald on June 23, 2018.
             Was an Initiate of Ru.
             Succumbed to a worker ant's poison
             ... on level 3 of the Dungeon.
             The game lasted 00:23:28 (4580 turns).

Brecoman the Poker (Merfolk Skald)                  Turns: 4580, Time: 00:23:29

Health: 0/47       AC:  4    Str: 11    XL:     6   Next: 48%
Magic:  3/10       EV: 14    Int: 20    God:    Ru [......]
Gold:   164        SH:  0    Dex: 13    Spells: 5/10 levels left

rFire    . . .     SeeInvis .   n - +0 spear
rCold    . . .     Gourm    .   (no shield)
rNeg     . . .     Faith    .   o - +0 robe
rPois    +         Spirit   .   (no helmet)
rElec    .         Reflect  .   A - +0 cloak
rCorr    .         Harm     .   (no gloves)
MR       .....                  p - +0 pair of boots
Stlth    +.........             (no amulet)
HPRegen  0.15/turn              q - ring of poison resistance
MPRegen  0.12/turn              (no ring)

@: brilliant, lethally poisoned (0 -> -12), infused
A: change form in water, swift swim, stealthy swim
a: Renounce Religion


You were on level 3 of the Dungeon.
You worshipped Ru.
Ru was noncommittal.
You were very hungry.

You visited 1 branch of the dungeon, and saw 4 of its levels.

You collected 164 gold pieces.

Inventory:

Hand Weapons
 a - a +0 spear
 n - a +0 spear (weapon)
Missiles
 h - 37 stones (quivered)
Armour
 b - a +0 leather armour
 f - a +0 large shield
 o - a +0 robe (worn)
 p - a +0 pair of boots (worn)
 y - a +0 leather armour
 A - a +0 cloak (worn)
Jewellery
 q - a ring of poison resistance (left hand)
 s - an uncursed ring of protection from fire {unknown}
Wands
 C - a wand of iceblast (5)
 D - a wand of random effects (25)
Scrolls
 e - 3 scrolls of remove curse {unknown}
 g - 2 scrolls of magic mapping {unknown}
 i - 4 scrolls of identify {unknown}
 k - 4 scrolls of blinking {unknown}
 r - a scroll of immolation {unknown}
 u - a scroll of teleportation {unknown}
 z - a scroll of enchant armour {unknown}
Potions
 l - 2 potions of brilliance
 m - a potion of degeneration {unknown}
 t - a potion of lignification {unknown}
 v - a potion of flight {unknown}
 w - a potion of magic {unknown}
 x - a potion of agility {unknown}
Books
 c - a book of Battle

   Spells                             Type                      Level
   a - Infusion                       Charms                       1
   b - Shroud of Golubria             Charms/Translocation         2
   c - Song of Slaying                Charms                       2
   d - Spectral Weapon                Hexes/Charms                 3
   e - Regeneration                   Charms/Necromancy            3
 B - a book of Conjurations

   Spells                             Type                      Level
   a - Magic Dart                     Conjuration                  1
   b - Searing Ray                    Conjuration                  2
   c - Dazzling Spray                 Conjuration/Hexes            3
   d - Fulminant Prism                Conjuration/Hexes            4
   e - Force Lance                    Conjuration/Translocation    4
   f - Iskenderun's Mystic Blast      Conjuration                  4
Comestibles
 d - 8 rations


   Skills:
 + Level 3.4 Fighting
 * Level 5.8 Polearms
 - Level 0.6 Armour
 + Level 3.8 Dodging
 + Level 2.9 Spellcasting
 * Level 4.9 Charms


You had 5 spell levels left.
You knew the following spells:

 Your Spells              Type           Power        Failure   Level  Hunger
a - Infusion              Chrm           ####         1%          1    None
b - Song of Slaying       Chrm           ####....     1%          2    ##.....
c - Shroud of Golubria    Chrm/Tloc      ###.......   1%          2    ##.....


Dungeon Overview and Level Annotations

Branches:
Dungeon (4/15)
 Temple: D:4-7

Altars:
Cheibriados
Dithmenos
Ru
Uskayaw
Xom


Message History

The worker ant is moderately wounded.
You feel sick. The worker ant bites you.
* * * LOW HITPOINT WARNING * * *
Casting: Infusion
Confirm with . or Enter, or press ? or * to list all spells.
Space distorts slightly along a thin shroud covering your body.
Your shroud bends the worker ant's attack away.
The worker ant bites you.
* * * LOW HITPOINT WARNING * * *
You are lethally poisoned!
The worker ant poisons you!
You closely miss the worker ant.
The worker ant is moderately wounded.
* * * LOW HITPOINT WARNING * * *
You feel sick. The worker ant bites you.
* * * LOW HITPOINT WARNING * * *
Your shroud falls apart!
It was a potion of brilliance.
You feel clever all of a sudden.
You die...

######### ###########
........####....a....#
######..........@....# ###
######.######........#######.#
#...........#.............<..#
#.####.####.#........######..#
#.#.......#.#........#### #.##
#.#.##.##.#.#...........###.#
#.#.#...#.#.#.#####.###...#.#
......_.......# #.#####...####
#.#.#...#.#.### #..# ##.....##


You could see a worker ant.

Vanquished Creatures
  A bullfrog skeleton (D:4)
  Crazy Yiuf (D:3)
  Jessica (D:2)
  An orc wizard (D:4)
  Natasha (thrice) (D:3)
  Robin (D:2)
  5 adders
  A worm (D:3)
  A dart slug (D:3)
  5 leopard geckos
  An orc (D:3)
  2 ball pythons
  5 bats
  3 giant cockroaches
  14 goblins
  8 hobgoblins
  4 jackals
  A quokka (D:3)
  3 frilled lizards
  7 kobolds
  7 rats
75 creatures vanquished.

Notes
Turn   | Place    | Note
-------+----------+-------------------------------------------
     0 | D:1      | Brecoman the Merfolk Skald began the quest for the Orb.
     0 | D:1      | Reached XP level 1. HP: 16/16 MP: 3/3
   493 | D:1      | Reached XP level 2. HP: 22/22 MP: 1/5
   499 | D:1      | Learned a level 2 spell: Song of Slaying
   502 | D:1      | Learned a level 2 spell: Shroud of Golubria
  1234 | D:1      | Reached XP level 3. HP: 21/28 MP: 3/6
  1793 | D:2      | Reached skill level 4 in Polearms
  1923 | D:2      | Found a hide-covered altar of Uskayaw.
  1945 | D:2      | Reached XP level 4. HP: 25/34 MP: 0/7
  2231 | D:2      | Found a shadowy altar of Dithmenos.
  2374 | D:2      | Noticed Jessica
  2387 | D:2      | Killed Jessica
  2747 | D:2      | Noticed Robin
  2924 | D:2      | Killed Robin
  2924 | D:2      | Reached XP level 5. HP: 17/40 MP: 1/8
  3194 | D:3      | Found a sacrificial altar of Ru.
  3242 | D:3      | Became a worshipper of Ru the Awakened
  3458 | D:3      | Noticed Natasha
  3468 | D:3      | Killed Natasha
  3468 | D:3      | Reached skill level 5 in Polearms
  3476 | D:3      | Found a shimmering altar of Xom.
  3667 | D:3      | Found a runed door.
  3673 | D:3      | Noticed Crazy Yiuf
  3684 | D:3      | Killed Crazy Yiuf
  3898 | D:3      | Noticed Natasha
  3908 | D:3      | Killed Natasha
  3908 | D:3      | Reached XP level 6. HP: 33/47 MP: 0/10
  3983 | D:3      | Noticed Natasha
  3998 | D:3      | Killed Natasha
  4216 | D:3      | Found a faded altar of an unknown god.
  4541 | D:4      | Found a snail-covered altar of Cheibriados.
  4544 | D:4      | Noticed a phantom
  4579 | D:3      | HP: 2/47 [worker ant (6)]
  4580 | D:3      | Succumbed to a worker ant's poison

Skill      XL: |  1  2  3  4  5 |
---------------+----------------+-----
Polearms       | 4 5 |  5.8
Charms         | 4 |  4.9
Dodging        | 3 |  3.8
Fighting       | 3 |  3.4
Armour         | |  0.6
Spellcasting   | |  2.9

Action                   |  1- 3 |  4- 6 || total
-------------------------+-------+-------++-------
Melee: Spear             |   132 |   175 ||   307
       Unarmed           |       |    39 ||    39
 Cast: Infusion          |    15 |    25 ||    40
       Shroud of Golubri |     4 |    12 ||    16
       Song of Slaying   |     2 |     2 ||     4
  Use: Potion            |       |     1 ||     1
 Stab: Sleeping          |       |     2 ||     2
       Invisible         |       |     1 ||     1
  Eat: Chunk             |     4 |     9 ||    13
Armor: Leather armour    |    16 |       ||    16
       Robe              |     9 |    26 ||    35
Dodge: Dodged            |    65 |    95 ||   160
